Avalanche vs Penguins

Created - March 3 2011 at 18:56

Goals
1 2 3 OT1 SO T
Avalanche 2 1 1 0 0 4
Penguins 3 1 0 0 1 5
Shots
1 2 3 OT1 SO T
Avalanche 13 8 10 1 3 32
Penguins 15 11 11 2 2 39

Period #1

1. Penguins , Nicklas Lidstrom 14 (Daniel Sedin, Jason Pominville) at 0:58 (PP)
2. Penguins , Brad Richards 24 (Pavel Datsyuk) at 4:05
3. Avalanche , Tyler Bozak 23 (Wojtek Wolski, Mike Knuble) at 6:34
4. Penguins , Bobby Ryan 31 (Daniel Sedin, Henrik Sedin) at 16:08
5. Avalanche , Mike Knuble 26 (Tyler Bozak, Troy Brouwer) at 17:38 (PP)

Penalties :
Dan Hamhuis (COL) for Interference (Minor) at 0:21, Pavel Kubina (PIT) for Interference (Minor) at 7:03, Pavel Kubina (PIT) for Slashing (Minor) at 10:37, Stephane Robidas (PIT) for Holding (Minor) at 17:20

Period #2

6. Avalanche , Mike Knuble 27 (Tyler Bozak, T.J. Oshie) at 4:18 (PP)
7. Penguins , Blair Betts 8 (Sami Salo, Claude Giroux) at 12:19

Penalties :
Daniel Winnik (PIT) for Goalie Interference (Minor) at 1:46, Brooks Orpik (PIT) for Tripping (Minor) at 2:49, Cal Clutterbuck (COL) for Tripping (Minor) at 4:42, Troy Brouwer (COL) for High sticking (Minor) at 8:34, Troy Brouwer (COL) for Tripping (Minor) at 13:36, Niclas Wallin (COL) for Hooking (Minor) at 19:17

Period #3

8. Avalanche , Dustin Penner 18 (Wojtek Wolski, Vaclav Prospal) at 8:50 (PP)

Penalties :
Troy Brouwer (COL) for Hooking (Minor) at 1:44, Wade Redden (COL) for Tripping (Minor) at 2:20, Pavel Datsyuk (PIT) for Elbowing (Minor) at 7:17, Daniel Winnik (PIT) for Interference (Minor) at 14:49, Dan Girardi (PIT) for Holding (Minor) at 19:45

Overtime #1

No Goal

Penalties :
No Penalty

Shootout

Penalty Shot by T.J. Oshie for Avalanche - Stopped by Tim Thomas
Penalty Shot by Henrik Sedin for Penguins - Stopped by Semyon Varlamov
Penalty Shot by Vaclav Prospal for Avalanche - Stopped by Tim Thomas
Penalty Shot by Daniel Sedin for Penguins - Goal!
Penalty Shot by Mike Knuble for Avalanche - Stopped by Tim Thomas

Penalties :
No Penalty

Goalie Stats

Semyon Varlamov (COL), 35 saves from 39 shots - (0.897), OTL, 11-6-5, 65:00 minutes
Marc-Andre Fleury (PIT), 22 saves from 26 shots - (0.846), 48:50 minutes
Tim Thomas (PIT), 6 saves from 6 shots - (1.000), W, 4-4-2, 16:10 minutes

Players Stats

Avalanche
Player Name              G  A  P  +/- PIM S  H  SB FO    MP 
------------------------------------------------------------
Cal Clutterbuck          0  0  0  -1  2   2  2  0  0/0   6  
Dan Hamhuis              0  0  0  -2  2   1  3  3  0/0   26 
Dustin Penner            1  0  1  -1  0   3  1  0  2/4   20 
Joe Corvo                0  0  0   1  0   2  1  2  0/0   24 
Joni Pitkanen            0  0  0  -1  0   0  0  0  0/0   22 
Kevin Klein              0  0  0  -1  0   1  2  0  0/0   19 
Kris Versteeg            0  0  0  -1  0   3  0  1  2/3   15 
Marcel Goc               0  0  0  -1  0   0  0  0  13/21 10 
Mike Knuble              2  1  3   1  0   4  1  0  1/2   21 
Niclas Wallin            0  0  0   0  2   1  1  2  0/0   19 
T.J. Galiardi            0  0  0  -1  0   2  0  0  12/26 17 
T.J. Oshie               0  1  1  -1  0   4  5  0  0/1   17 
Todd White               0  0  0  -1  0   0  0  0  1/1   7  
Troy Brouwer             0  1  1  -1  6   1  1  0  0/3   14 
Tyler Bozak              1  2  3   1  0   4  0  0  12/26 16 
Vaclav Prospal           0  1  1  -1  0   2  2  0  9/26  20 
Wade Redden              0  0  0  -1  2   0  0  0  0/0   18 
Wojtek Wolski            0  2  2   1  0   2  1  0  0/0   16 
Penguins
Player Name              G  A  P  +/- PIM S  H  SB FO    MP 
------------------------------------------------------------
Blair Betts              1  0  1   1  0   3  0  0  15/31 17 
Bobby Ryan               1  0  1   1  0   2  2  0  0/0   5  
Brad Richards            1  0  1   1  0   6  1  0  16/30 24 
Brooks Orpik             0  0  0   0  2   0  4  3  0/0   20 
Claude Giroux            0  1  1   1  0   0  1  0  5/9   16 
Curtis Glencross         0  0  0   0  0   0  0  0  0/0   3  
Dan Girardi              0  0  0   1  2   2  2  1  0/0   22 
Daniel Sedin             0  2  2   0  0   8  1  0  0/1   22 
Daniel Winnik            0  0  0   0  4   0  2  0  2/4   24 
Henrik Sedin             0  1  1   0  0   2  1  1  20/33 25 
Ian Laperriere           0  0  0   0  0   0  0  0  0/0   0  
Jason Pominville         0  1  1   1  0   4  0  0  1/2   23 
John-Michael Liles       0  0  0   0  0   0  0  0  0/0   0  
Nicklas Lidstrom         1  0  1   1  0   2  0  2  0/0   27 
Pavel Datsyuk            0  1  1   1  2   4  1  0  2/3   20 
Pavel Kubina             0  0  0   1  4   3  2  2  0/0   23 
Sami Salo                0  1  1   1  0   1  0  1  0/0   13 
Stephane Robidas         0  0  0   0  2   2  4  1  0/0   24 

3 Stars

1 - Mike Knuble (COL)
2 - Tyler Bozak (COL)
3 - Bobby Ryan (PIT)

Power Play

Avalanche - 3 on 8 Attempt(s) - 37.50%
Penguins - 1 on 7 Attempt(s) - 14.29%

Penalty Kill

Avalanche - 6 on 7 Attempt(s) - 85.71% - Score 0 goal in Penalty Kill
Penguins - 5 on 8 Attempt(s) - 62.50% - Score 0 goal in Penalty Kill

Game Notes

Tim Thomas enters game at 8:50 of 3rd period

Finance

Level 1 -- Attendance: 4782 (73.57%) -- Ticket Income $454,290.00
Level 2 -- Attendance: 4322 (86.44%) -- Ticket Income $237,710.00
Level 3 -- Attendance: 3377 (96.49%) -- Ticket Income $114,818.00
Level 4 -- Attendance: 2087 (100.00%) -- Ticket Income $31,305.00
Luxury Box -- Attendance: 798 (79.80%) -- Ticket Income $159,600.00
Game was played at the Consol Energy Center
Total Attendance: 15366 (84.96%)
Total Ticket Income: $1,074,474.00
Other Income: $209,398.80
Total Income: $1,283,873.00


Play by Play

Period #1

0:01 of 1st period - Henrik Sedin wins face-off versus Vaclav Prospal in neutral zone.
0:01 of 1st period - Daniel Sedin is hit by Dustin Penner and loses puck.
0:20 of 1st period - Shot by Daniel Sedin.
0:20 of 1st period - Stopped by Semyon Varlamov with a rebound.
0:21 of 1st period - Minor Penalty to Dan Hamhuis for Interference.
0:22 of 1st period - Marcel Goc wins face-off versus Henrik Sedin in Avalanche zone.
0:58 of 1st period - Shot by Nicklas Lidstrom.
0:58 of 1st period - Goal by Nicklas Lidstrom - Avalanche : 0 - Penguins : 1.
0:59 of 1st period - Blair Betts wins face-off versus Tyler Bozak in neutral zone.
0:59 of 1st period - Claude Giroux is hit by Mike Knuble and loses puck.
1:26 of 1st period - Shot by Joe Corvo.
1:26 of 1st period - Shot Misses the Net.
1:28 of 1st period - Shot by Mike Knuble.
1:28 of 1st period - Shot Blocked by Sami Salo.
1:30 of 1st period - Shot by Tyler Bozak.
1:30 of 1st period - Deflect By Mike Knuble.
1:30 of 1st period - Shot Misses the Net.
1:32 of 1st period - Shot by Tyler Bozak.
1:32 of 1st period - Stopped by Marc-Andre Fleury without a rebound.
1:33 of 1st period - T.J. Galiardi wins face-off versus Brad Richards in Penguins zone.
2:02 of 1st period - Shot by Kris Versteeg.
2:02 of 1st period - Stopped by Marc-Andre Fleury without a rebound.
2:03 of 1st period - Vaclav Prospal wins face-off versus Henrik Sedin in Penguins zone.
2:03 of 1st period - Vaclav Prospal is hit by Stephane Robidas.
2:07 of 1st period - Shot by Dustin Penner.
2:07 of 1st period - Stopped by Marc-Andre Fleury without a rebound.
2:08 of 1st period - Henrik Sedin wins face-off versus Vaclav Prospal in Penguins zone.
2:08 of 1st period - Henrik Sedin is hit by T.J. Oshie.
2:53 of 1st period - Off-side.
2:54 of 1st period - Tyler Bozak wins face-off versus Blair Betts in neutral zone.
3:28 of 1st period - Shot by Blair Betts.
3:28 of 1st period - Stopped by Semyon Varlamov without a rebound.
3:29 of 1st period - T.J. Galiardi wins face-off versus Brad Richards in Avalanche zone.
3:54 of 1st period - Shot by Kris Versteeg.
3:54 of 1st period - Stopped by Marc-Andre Fleury with a rebound.
3:57 of 1st period - Icing by Nicklas Lidstrom.
3:58 of 1st period - Brad Richards wins face-off versus Marcel Goc in Penguins zone.
4:05 of 1st period - Shot by Brad Richards.
4:05 of 1st period - Goal by Brad Richards - Avalanche : 0 - Penguins : 2.
4:06 of 1st period - Henrik Sedin wins face-off versus Dustin Penner in neutral zone.
4:31 of 1st period - Stephane Robidas is hit by Vaclav Prospal and loses puck.
4:46 of 1st period - Shot by Vaclav Prospal.
4:46 of 1st period - Shot Blocked by Henrik Sedin.
5:08 of 1st period - Shot by Pavel Datsyuk.
5:08 of 1st period - Deflect By Jason Pominville.
5:08 of 1st period - Stopped by Semyon Varlamov without a rebound.
5:09 of 1st period - Blair Betts wins face-off versus Kris Versteeg in Avalanche zone.
5:22 of 1st period - Shot by Sami Salo.
5:22 of 1st period - Shot Misses the Net.
5:24 of 1st period - Shot by Jason Pominville.
5:24 of 1st period - Stopped by Semyon Varlamov without a rebound.
5:25 of 1st period - Brad Richards wins face-off versus Tyler Bozak in Avalanche zone.
5:28 of 1st period - Shot by Jason Pominville.
5:28 of 1st period - Shot Misses the Net.
5:32 of 1st period - Shot by Pavel Datsyuk.
5:32 of 1st period - Shot Misses the Net.
5:34 of 1st period - Shot by Pavel Datsyuk.
5:34 of 1st period - Stopped by Semyon Varlamov without a rebound.
5:35 of 1st period - Claude Giroux wins face-off versus T.J. Galiardi in Avalanche zone.
5:58 of 1st period - Claude Giroux is hit by Niclas Wallin and loses puck.
6:01 of 1st period - Shot by Blair Betts.
6:01 of 1st period - Stopped by Semyon Varlamov without a rebound.
6:02 of 1st period - Tyler Bozak wins face-off versus Brad Richards in Avalanche zone.
6:16 of 1st period - Icing by Kevin Klein.
6:17 of 1st period - Henrik Sedin wins face-off versus Tyler Bozak in Avalanche zone.
6:28 of 1st period - Shot by Mike Knuble.
6:28 of 1st period - Shot Misses the Net.
6:30 of 1st period - Shot by Wojtek Wolski.
6:30 of 1st period - Shot Blocked by Brooks Orpik.
6:34 of 1st period - Shot by Tyler Bozak.
6:34 of 1st period - Goal by Tyler Bozak - Avalanche : 1 - Penguins : 2.
6:35 of 1st period - Brad Richards wins face-off versus Vaclav Prospal in neutral zone.
7:03 of 1st period - Minor Penalty to Pavel Kubina for Interference.
7:04 of 1st period - Tyler Bozak wins face-off versus Blair Betts in Penguins zone.
7:17 of 1st period - Shot by Mike Knuble.
7:17 of 1st period - Shot Misses the Net.
7:19 of 1st period - Shot by Tyler Bozak.
7:19 of 1st period - Shot Misses the Net.
7:21 of 1st period - Shot by Niclas Wallin.
7:21 of 1st period - Stopped by Marc-Andre Fleury without a rebound.
7:22 of 1st period - Claude Giroux wins face-off versus Vaclav Prospal in Penguins zone.
8:24 of 1st period - Icing by T.J. Oshie.
8:25 of 1st period - Tyler Bozak wins face-off versus Blair Betts in Avalanche zone.
8:44 of 1st period - Shot by Joni Pitkanen.
8:44 of 1st period - Shot Misses the Net.
9:32 of 1st period - Shot by Brad Richards.
9:32 of 1st period - Stopped by Semyon Varlamov with a rebound.
9:34 of 1st period - Shot by Pavel Kubina.
9:34 of 1st period - Stopped by Semyon Varlamov without a rebound.
9:35 of 1st period - Marcel Goc wins face-off versus Blair Betts in Avalanche zone.
9:43 of 1st period - Icing by Dan Girardi.
9:44 of 1st period - Blair Betts wins face-off versus Tyler Bozak in Penguins zone.
9:48 of 1st period - Icing by Claude Giroux.
9:49 of 1st period - Marcel Goc wins face-off versus Blair Betts in Penguins zone.
9:56 of 1st period - Shot by Kevin Klein.
9:56 of 1st period - Stopped by Marc-Andre Fleury without a rebound.
9:57 of 1st period - Henrik Sedin wins face-off versus Tyler Bozak in Penguins zone.
9:57 of 1st period - Henrik Sedin is hit by Wojtek Wolski.
10:22 of 1st period - Henrik Sedin is hit by Kevin Klein and loses puck.
10:35 of 1st period - Shot by Joe Corvo.
10:35 of 1st period - Stopped by Marc-Andre Fleury without a rebound.
10:36 of 1st period - Vaclav Prospal wins face-off versus Jason Pominville in Penguins zone.
10:36 of 1st period - Vaclav Prospal is hit by Pavel Kubina.
10:37 of 1st period - Minor Penalty to Pavel Kubina for Slashing.
10:38 of 1st period - Blair Betts wins face-off versus Tyler Bozak in Penguins zone.
10:50 of 1st period - Icing by Niclas Wallin.
10:51 of 1st period - Tyler Bozak wins face-off versus Blair Betts in Avalanche zone.
11:03 of 1st period - Icing by Tyler Bozak.
11:04 of 1st period - Claude Giroux wins face-off versus Tyler Bozak in Avalanche zone.
11:12 of 1st period - Icing by Tyler Bozak.
11:13 of 1st period - Blair Betts wins face-off versus Tyler Bozak in Avalanche zone.
11:44 of 1st period - Shot by Dan Hamhuis.
11:44 of 1st period - Stopped by Marc-Andre Fleury without a rebound.
11:45 of 1st period - Dustin Penner wins face-off versus Claude Giroux in Penguins zone.
12:24 of 1st period - Icing by Wojtek Wolski.
12:25 of 1st period - Vaclav Prospal wins face-off versus Blair Betts in Avalanche zone.
12:31 of 1st period - Icing by Vaclav Prospal.
12:32 of 1st period - Vaclav Prospal wins face-off versus Blair Betts in Avalanche zone.
12:45 of 1st period - Shot by Troy Brouwer.
12:45 of 1st period - Shot Misses the Net.
13:45 of 1st period - Icing by Kevin Klein.
13:46 of 1st period - Henrik Sedin wins face-off versus Marcel Goc in Avalanche zone.
13:47 of 1st period - Shot by Daniel Sedin.
13:47 of 1st period - Shot Misses the Net.
13:51 of 1st period - Shot by Bobby Ryan.
13:51 of 1st period - Shot Misses the Net.
14:07 of 1st period - Shot by Henrik Sedin.
14:07 of 1st period - Shot Misses the Net.
14:09 of 1st period - Shot by Henrik Sedin.
14:09 of 1st period - Shot Misses the Net.
14:17 of 1st period - Henrik Sedin is hit by Cal Clutterbuck.
16:02 of 1st period - Shot by Jason Pominville.
16:02 of 1st period - Shot Misses the Net.
16:04 of 1st period - Shot by Pavel Datsyuk.
16:04 of 1st period - Shot Misses the Net.
16:06 of 1st period - Shot by Pavel Datsyuk.
16:06 of 1st period - Stopped by Semyon Varlamov without a rebound.
16:07 of 1st period - Henrik Sedin wins face-off versus T.J. Galiardi in Avalanche zone.
16:08 of 1st period - Shot by Daniel Sedin.
16:08 of 1st period - Deflect By Bobby Ryan.
16:08 of 1st period - Goal by Bobby Ryan - Avalanche : 1 - Penguins : 3.
16:09 of 1st period - Henrik Sedin wins face-off versus T.J. Galiardi in neutral zone.
16:12 of 1st period - T.J. Galiardi is hit by Brad Richards.
16:18 of 1st period - Shot by T.J. Galiardi.
16:18 of 1st period - Stopped by Marc-Andre Fleury with a rebound.
16:20 of 1st period - Shot by Niclas Wallin.
16:20 of 1st period - Shot Misses the Net.
16:22 of 1st period - Shot by T.J. Galiardi.
16:22 of 1st period - Shot Blocked by Stephane Robidas.
16:24 of 1st period - Shot by T.J. Galiardi.
16:24 of 1st period - Shot Hit the Post.
16:28 of 1st period - Shot by Kris Versteeg.
16:28 of 1st period - Stopped by Marc-Andre Fleury without a rebound.
16:29 of 1st period - Brad Richards wins face-off versus Vaclav Prospal in Penguins zone.
16:29 of 1st period - Nicklas Lidstrom is hit by T.J. Oshie and loses puck.
16:36 of 1st period - Shot by Dustin Penner.
16:36 of 1st period - Shot Misses the Net.
16:38 of 1st period - Shot by Joe Corvo.
16:38 of 1st period - Stopped by Marc-Andre Fleury without a rebound.
16:39 of 1st period - Jason Pominville wins face-off versus Vaclav Prospal in Penguins zone.
16:39 of 1st period - Pavel Datsyuk is hit by T.J. Oshie and loses puck.
17:18 of 1st period - T.J. Oshie is hit by Stephane Robidas and loses puck.
17:20 of 1st period - Minor Penalty to Stephane Robidas for Holding.
17:21 of 1st period - Blair Betts wins face-off versus Tyler Bozak in Penguins zone.
17:34 of 1st period - Shot by Troy Brouwer.
17:34 of 1st period - Shot Misses the Net.
17:38 of 1st period - Shot by Mike Knuble.
17:38 of 1st period - Goal by Mike Knuble - Avalanche : 2 - Penguins : 3.
17:39 of 1st period - Marcel Goc wins face-off versus Henrik Sedin in neutral zone.
17:43 of 1st period - Dan Hamhuis is hit by Stephane Robidas and loses puck.
18:04 of 1st period - Shot by Daniel Sedin.
18:04 of 1st period - Stopped by Semyon Varlamov without a rebound.
18:05 of 1st period - Brad Richards wins face-off versus T.J. Galiardi in Avalanche zone.
18:08 of 1st period - Shot by Jason Pominville.
18:08 of 1st period - Shot Misses the Net.
18:10 of 1st period - Shot by Pavel Datsyuk.
18:10 of 1st period - Shot Misses the Net.
18:28 of 1st period - Shot by Brad Richards.
18:28 of 1st period - Stopped by Semyon Varlamov with a rebound.
18:30 of 1st period - Shot by Pavel Kubina.
18:30 of 1st period - Stopped by Semyon Varlamov without a rebound.
18:31 of 1st period - Blair Betts wins face-off versus Tyler Bozak in Avalanche zone.
18:31 of 1st period - Sami Salo is hit by Kevin Klein and loses puck.
19:24 of 1st period - Icing by Dan Hamhuis.
19:25 of 1st period - Vaclav Prospal wins face-off versus Brad Richards in Avalanche zone.
19:36 of 1st period - Shot by Dustin Penner.
19:36 of 1st period - Shot Misses the Net.
19:42 of 1st period - Shot by Vaclav Prospal.
19:42 of 1st period - Shot Misses the Net.
19:46 of 1st period - Shot by Dustin Penner.
19:46 of 1st period - Shot Misses the Net.
19:48 of 1st period - Shot by Dustin Penner.
19:48 of 1st period - Shot Blocked by Nicklas Lidstrom.
19:50 of 1st period - Shot by T.J. Oshie.
19:50 of 1st period - Shot Misses the Net.
19:52 of 1st period - Shot by Dustin Penner.
19:52 of 1st period - Deflect By T.J. Oshie.
19:52 of 1st period - Shot Misses the Net.

Period #2

0:01 of 2nd period - Henrik Sedin wins face-off versus Vaclav Prospal in neutral zone.
0:28 of 2nd period - Shot by T.J. Oshie.
0:28 of 2nd period - Shot Misses the Net.
0:36 of 2nd period - Shot by Dustin Penner.
0:36 of 2nd period - Stopped by Marc-Andre Fleury without a rebound.
0:37 of 2nd period - Tyler Bozak wins face-off versus Brad Richards in Penguins zone.
1:19 of 2nd period - Icing by Kevin Klein.
1:20 of 2nd period - Tyler Bozak wins face-off versus Blair Betts in Avalanche zone.
1:20 of 2nd period - Mike Knuble is hit by Claude Giroux and loses puck.
1:29 of 2nd period - Shot by Dan Girardi.
1:29 of 2nd period - Stopped by Semyon Varlamov with a rebound.
1:34 of 2nd period - Icing by Joe Corvo.
1:35 of 2nd period - Tyler Bozak wins face-off versus Henrik Sedin in Avalanche zone.
1:35 of 2nd period - Tyler Bozak is hit by Daniel Winnik.
1:46 of 2nd period - Minor Penalty to Daniel Winnik for Goalie Interference.
1:47 of 2nd period - Blair Betts wins face-off versus Vaclav Prospal in Penguins zone.
1:47 of 2nd period - Blair Betts is hit by T.J. Oshie.
1:54 of 2nd period - Icing by Niclas Wallin.
1:55 of 2nd period - Blair Betts wins face-off versus Dustin Penner in Avalanche zone.
2:46 of 2nd period - Shot by Dan Hamhuis.
2:46 of 2nd period - Shot Blocked by Brooks Orpik.
2:49 of 2nd period - Minor Penalty to Brooks Orpik for Tripping.
2:50 of 2nd period - Vaclav Prospal wins face-off versus Daniel Sedin in Penguins zone.
3:13 of 2nd period - Shot by Vaclav Prospal.
3:13 of 2nd period - Stopped by Marc-Andre Fleury with a rebound.
3:39 of 2nd period - Shot by Joni Pitkanen.
3:39 of 2nd period - Shot Misses the Net.
3:41 of 2nd period - Shot by Tyler Bozak.
3:41 of 2nd period - Shot Misses the Net.
3:45 of 2nd period - Shot by Tyler Bozak.
3:45 of 2nd period - Shot Misses the Net.
3:47 of 2nd period - Shot by T.J. Oshie.
3:47 of 2nd period - Shot Blocked by Dan Girardi.
3:49 of 2nd period - Shot by Joni Pitkanen.
3:49 of 2nd period - Deflect By Mike Knuble.
3:49 of 2nd period - Shot Misses the Net.
3:51 of 2nd period - Shot by T.J. Oshie.
3:51 of 2nd period - Stopped by Marc-Andre Fleury without a rebound.
3:52 of 2nd period - Claude Giroux wins face-off versus Tyler Bozak in Penguins zone.
4:15 of 2nd period - Tyler Bozak is hit by Dan Girardi and loses puck.
4:18 of 2nd period - Shot by Mike Knuble.
4:18 of 2nd period - Goal by Mike Knuble - Avalanche : 3 - Penguins : 3.
4:19 of 2nd period - Brad Richards wins face-off versus Marcel Goc in neutral zone.
4:19 of 2nd period - Brad Richards is hit by Cal Clutterbuck.
4:42 of 2nd period - Minor Penalty to Cal Clutterbuck for Tripping.
4:43 of 2nd period - T.J. Galiardi wins face-off versus Brad Richards in Avalanche zone.
4:43 of 2nd period - T.J. Galiardi is hit by Daniel Winnik.
5:24 of 2nd period - Icing by Pavel Kubina.
5:25 of 2nd period - Henrik Sedin wins face-off versus Marcel Goc in Penguins zone.
5:49 of 2nd period - Icing by Nicklas Lidstrom.
5:50 of 2nd period - Marcel Goc wins face-off versus Henrik Sedin in Penguins zone.
6:50 of 2nd period - Icing by Dan Hamhuis.
6:51 of 2nd period - Blair Betts wins face-off versus Vaclav Prospal in Avalanche zone.
6:51 of 2nd period - Brooks Orpik is hit by Dan Hamhuis and loses puck.
7:43 of 2nd period - Brad Richards is hit by Vaclav Prospal and loses puck.
8:34 of 2nd period - Minor Penalty to Troy Brouwer for High sticking.
8:35 of 2nd period - Marcel Goc wins face-off versus Henrik Sedin in Avalanche zone.
8:50 of 2nd period - Kevin Klein is hit by Henrik Sedin and loses puck.
8:59 of 2nd period - Shot by Daniel Sedin.
8:59 of 2nd period - Shot Blocked by Joe Corvo.
9:01 of 2nd period - Shot by Daniel Sedin.
9:01 of 2nd period - Stopped by Semyon Varlamov without a rebound.
9:02 of 2nd period - Marcel Goc wins face-off versus Pavel Datsyuk in Avalanche zone.
9:13 of 2nd period - Shot by Pavel Datsyuk.
9:13 of 2nd period - Shot Blocked by Niclas Wallin.
9:15 of 2nd period - Shot by Pavel Datsyuk.
9:15 of 2nd period - Shot Misses the Net.
9:17 of 2nd period - Shot by Dan Girardi.
9:17 of 2nd period - Stopped by Semyon Varlamov with a rebound.
9:21 of 2nd period - Shot by Stephane Robidas.
9:21 of 2nd period - Stopped by Semyon Varlamov without a rebound.
9:22 of 2nd period - Henrik Sedin wins face-off versus T.J. Galiardi in Avalanche zone.
9:23 of 2nd period - Shot by Daniel Sedin.
9:23 of 2nd period - Shot Blocked by Kris Versteeg.
9:25 of 2nd period - Shot by Pavel Kubina.
9:25 of 2nd period - Stopped by Semyon Varlamov without a rebound.
9:26 of 2nd period - Henrik Sedin wins face-off versus T.J. Galiardi in Avalanche zone.
10:25 of 2nd period - Shot by Stephane Robidas.
10:25 of 2nd period - Shot Misses the Net.
10:51 of 2nd period - Shot by Tyler Bozak.
10:51 of 2nd period - Stopped by Marc-Andre Fleury without a rebound.
10:52 of 2nd period - Blair Betts wins face-off versus T.J. Galiardi in Penguins zone.
10:59 of 2nd period - Icing by Troy Brouwer.
11:00 of 2nd period - Kris Versteeg wins face-off versus Henrik Sedin in Avalanche zone.
11:21 of 2nd period - Niclas Wallin is hit by Bobby Ryan and loses puck.
11:46 of 2nd period - Dustin Penner is hit by Bobby Ryan and loses puck.
12:11 of 2nd period - Shot by Claude Giroux.
12:11 of 2nd period - Shot Blocked by Dan Hamhuis.
12:15 of 2nd period - Shot by Sami Salo.
12:15 of 2nd period - Shot Blocked by Dan Hamhuis.
12:19 of 2nd period - Shot by Blair Betts.
12:19 of 2nd period - Goal by Blair Betts - Avalanche : 3 - Penguins : 4.
12:20 of 2nd period - Pavel Datsyuk wins face-off versus Tyler Bozak in neutral zone.
12:47 of 2nd period - Shot by Tyler Bozak.
12:47 of 2nd period - Shot Misses the Net.
12:51 of 2nd period - Shot by Mike Knuble.
12:51 of 2nd period - Stopped by Marc-Andre Fleury without a rebound.
12:52 of 2nd period - Todd White wins face-off versus Blair Betts in Penguins zone.
12:57 of 2nd period - Shot by Cal Clutterbuck.
12:57 of 2nd period - Stopped by Marc-Andre Fleury without a rebound.
12:58 of 2nd period - T.J. Galiardi wins face-off versus Blair Betts in Penguins zone.
13:20 of 2nd period - Icing by Niclas Wallin.
13:21 of 2nd period - Kris Versteeg wins face-off versus Brad Richards in Avalanche zone.
13:21 of 2nd period - Kris Versteeg is hit by Pavel Datsyuk.
13:36 of 2nd period - Minor Penalty to Troy Brouwer for Tripping.
13:37 of 2nd period - Marcel Goc wins face-off versus Henrik Sedin in Avalanche zone.
14:00 of 2nd period - Shot by Henrik Sedin.
14:00 of 2nd period - Shot Misses the Net.
14:08 of 2nd period - Shot by Daniel Sedin.
14:08 of 2nd period - Deflect By Henrik Sedin.
14:08 of 2nd period - Stopped by Semyon Varlamov without a rebound.
14:09 of 2nd period - Brad Richards wins face-off versus T.J. Galiardi in Avalanche zone.
15:04 of 2nd period - Joe Corvo is hit by Daniel Sedin and loses puck.
17:33 of 2nd period - Icing by Dan Hamhuis.
17:34 of 2nd period - Henrik Sedin wins face-off versus Marcel Goc in Avalanche zone.
17:53 of 2nd period - Shot by Daniel Sedin.
17:53 of 2nd period - Shot Misses the Net.
18:16 of 2nd period - Shot by Daniel Sedin.
18:16 of 2nd period - Stopped by Semyon Varlamov without a rebound.
18:17 of 2nd period - Brad Richards wins face-off versus T.J. Galiardi in Avalanche zone.
18:20 of 2nd period - Shot by Jason Pominville.
18:20 of 2nd period - Stopped by Semyon Varlamov with a rebound.
18:24 of 2nd period - Shot by Pavel Datsyuk.
18:24 of 2nd period - Stopped by Semyon Varlamov without a rebound.
18:25 of 2nd period - Tyler Bozak wins face-off versus Brad Richards in Avalanche zone.
18:38 of 2nd period - Shot by Wojtek Wolski.
18:38 of 2nd period - Shot Misses the Net.
18:46 of 2nd period - Shot by Mike Knuble.
18:46 of 2nd period - Stopped by Marc-Andre Fleury without a rebound.
18:47 of 2nd period - T.J. Galiardi wins face-off versus Henrik Sedin in Penguins zone.
19:17 of 2nd period - Minor Penalty to Niclas Wallin for Hooking.
19:18 of 2nd period - Marcel Goc wins face-off versus Brad Richards in Avalanche zone.
19:33 of 2nd period - Shot by Pavel Datsyuk.
19:33 of 2nd period - Deflect By Bobby Ryan.
19:33 of 2nd period - Stopped by Semyon Varlamov without a rebound.
19:34 of 2nd period - T.J. Galiardi wins face-off versus Henrik Sedin in Avalanche zone.

Period #3

0:01 of 3rd period - T.J. Galiardi wins face-off versus Henrik Sedin in neutral zone.
0:29 of 3rd period - Shot by Daniel Sedin.
0:29 of 3rd period - Stopped by Semyon Varlamov without a rebound.
0:30 of 3rd period - Marcel Goc wins face-off versus Brad Richards in Avalanche zone.
0:55 of 3rd period - Shot by Stephane Robidas.
0:55 of 3rd period - Shot Misses the Net.
1:09 of 3rd period - Shot by Stephane Robidas.
1:09 of 3rd period - Shot Blocked by Dan Hamhuis.
1:26 of 3rd period - Icing by Dan Hamhuis.
1:27 of 3rd period - Brad Richards wins face-off versus Vaclav Prospal in Avalanche zone.
1:42 of 3rd period - Shot by T.J. Oshie.
1:42 of 3rd period - Stopped by Marc-Andre Fleury without a rebound.
1:43 of 3rd period - Daniel Winnik wins face-off versus T.J. Galiardi in Penguins zone.
1:43 of 3rd period - Daniel Winnik is hit by Troy Brouwer.
1:44 of 3rd period - Minor Penalty to Troy Brouwer for Hooking.
1:45 of 3rd period - Henrik Sedin wins face-off versus Marcel Goc in Avalanche zone.
1:48 of 3rd period - Shot by Daniel Sedin.
1:48 of 3rd period - Stopped by Semyon Varlamov without a rebound.
1:49 of 3rd period - Henrik Sedin wins face-off versus Marcel Goc in Avalanche zone.
2:11 of 3rd period - Shot by Daniel Sedin.
2:11 of 3rd period - Stopped by Semyon Varlamov with a rebound.
2:13 of 3rd period - Shot by Nicklas Lidstrom.
2:13 of 3rd period - Stopped by Semyon Varlamov without a rebound.
2:14 of 3rd period - Brad Richards wins face-off versus T.J. Galiardi in Avalanche zone.
2:20 of 3rd period - Minor Penalty to Wade Redden for Tripping.
2:21 of 3rd period - Mike Knuble wins face-off versus Daniel Winnik in Avalanche zone.
2:27 of 3rd period - Icing by Daniel Winnik.
2:28 of 3rd period - Pavel Datsyuk wins face-off versus T.J. Oshie in Penguins zone.
2:28 of 3rd period - Pavel Datsyuk is hit by T.J. Oshie.
2:36 of 3rd period - Shot by Stephane Robidas.
2:36 of 3rd period - Stopped by Semyon Varlamov without a rebound.
2:37 of 3rd period - Henrik Sedin wins face-off versus Mike Knuble in Avalanche zone.
2:40 of 3rd period - Shot by Nicklas Lidstrom.
2:40 of 3rd period - Shot Misses the Net.
2:42 of 3rd period - Shot by Pavel Kubina.
2:42 of 3rd period - Shot Blocked by Niclas Wallin.
2:44 of 3rd period - Shot by Nicklas Lidstrom.
2:44 of 3rd period - Shot Blocked by Joe Corvo.
2:52 of 3rd period - Shot by Nicklas Lidstrom.
2:52 of 3rd period - Shot Misses the Net.
2:54 of 3rd period - Shot by Jason Pominville.
2:54 of 3rd period - Shot Misses the Net.
3:17 of 3rd period - Jason Pominville is hit by Joe Corvo and loses puck.
4:15 of 3rd period - Icing by Jason Pominville.
4:16 of 3rd period - Marcel Goc wins face-off versus Henrik Sedin in Penguins zone.
4:24 of 3rd period - Claude Giroux is hit by Dan Hamhuis.
4:31 of 3rd period - Off-side.
4:32 of 3rd period - Henrik Sedin wins face-off versus Vaclav Prospal in neutral zone.
5:01 of 3rd period - Shot by T.J. Oshie.
5:01 of 3rd period - Stopped by Marc-Andre Fleury without a rebound.
5:02 of 3rd period - Brad Richards wins face-off versus T.J. Galiardi in Penguins zone.
5:15 of 3rd period - Shot by Brad Richards.
5:15 of 3rd period - Stopped by Semyon Varlamov without a rebound.
5:16 of 3rd period - Tyler Bozak wins face-off versus Blair Betts in Avalanche zone.
5:38 of 3rd period - Icing by Sami Salo.
5:39 of 3rd period - T.J. Galiardi wins face-off versus Claude Giroux in Penguins zone.
5:50 of 3rd period - Shot by Sami Salo.
5:50 of 3rd period - Stopped by Semyon Varlamov without a rebound.
5:51 of 3rd period - Brad Richards wins face-off versus Marcel Goc in Avalanche zone.
6:00 of 3rd period - Shot by Brad Richards.
6:00 of 3rd period - Stopped by Semyon Varlamov without a rebound.
6:01 of 3rd period - Brad Richards wins face-off versus Troy Brouwer in Avalanche zone.
6:09 of 3rd period - Icing by Wade Redden.
6:10 of 3rd period - T.J. Galiardi wins face-off versus Henrik Sedin in Avalanche zone.
6:33 of 3rd period - Shot by Stephane Robidas.
6:33 of 3rd period - Shot Misses the Net.
6:35 of 3rd period - Shot by Brooks Orpik.
6:35 of 3rd period - Shot Misses the Net.
6:41 of 3rd period - Shot by Henrik Sedin.
6:41 of 3rd period - Stopped by Semyon Varlamov with a rebound.
7:17 of 3rd period - Minor Penalty to Pavel Datsyuk for Elbowing.
7:18 of 3rd period - Vaclav Prospal wins face-off versus Blair Betts in Penguins zone.
7:29 of 3rd period - Shot by Vaclav Prospal.
7:29 of 3rd period - Stopped by Marc-Andre Fleury without a rebound.
7:30 of 3rd period - Tyler Bozak wins face-off versus Claude Giroux in Penguins zone.
7:30 of 3rd period - Tyler Bozak is hit by Brooks Orpik.
7:32 of 3rd period - Shot by Joni Pitkanen.
7:32 of 3rd period - Shot Blocked by Brooks Orpik.
7:34 of 3rd period - Shot by Tyler Bozak.
7:34 of 3rd period - Stopped by Marc-Andre Fleury with a rebound.
7:54 of 3rd period - Shot by T.J. Oshie.
7:54 of 3rd period - Shot Misses the Net.
8:03 of 3rd period - T.J. Oshie is hit by Brooks Orpik and loses puck.
8:50 of 3rd period - Shot by Dustin Penner.
8:50 of 3rd period - Goal by Dustin Penner - Avalanche : 4 - Penguins : 4.
8:50 of 3rd period - Tim Thomas enters game.
8:51 of 3rd period - Marcel Goc wins face-off versus Brad Richards in neutral zone.
10:16 of 3rd period - Shot by Tyler Bozak.
10:16 of 3rd period - Shot Blocked by Nicklas Lidstrom.
10:28 of 3rd period - Shot by Tyler Bozak.
10:28 of 3rd period - Deflect By Wojtek Wolski.
10:28 of 3rd period - Stopped by Tim Thomas without a rebound.
10:29 of 3rd period - Blair Betts wins face-off versus Vaclav Prospal in Penguins zone.
11:42 of 3rd period - Shot by Daniel Sedin.
11:42 of 3rd period - Stopped by Semyon Varlamov with a rebound.
11:44 of 3rd period - Shot by Brooks Orpik.
11:44 of 3rd period - Shot Misses the Net.
11:48 of 3rd period - Shot by Daniel Sedin.
11:48 of 3rd period - Shot Misses the Net.
11:58 of 3rd period - Shot by Daniel Sedin.
11:58 of 3rd period - Shot Misses the Net.
12:44 of 3rd period - Shot by Troy Brouwer.
12:44 of 3rd period - Stopped by Tim Thomas without a rebound.
12:45 of 3rd period - T.J. Galiardi wins face-off versus Brad Richards in Penguins zone.
12:46 of 3rd period - Shot by Kris Versteeg.
12:46 of 3rd period - Shot Misses the Net.
12:53 of 3rd period - Icing by Pavel Kubina.
12:54 of 3rd period - Vaclav Prospal wins face-off versus Brad Richards in Penguins zone.
13:54 of 3rd period - Kris Versteeg is hit by Brooks Orpik and loses puck.
13:58 of 3rd period - Kris Versteeg is hit by Brooks Orpik and loses puck.
14:32 of 3rd period - Joni Pitkanen is hit by Stephane Robidas and loses puck.
14:44 of 3rd period - Icing by Vaclav Prospal.
14:45 of 3rd period - Marcel Goc wins face-off versus Blair Betts in Avalanche zone.
14:49 of 3rd period - Minor Penalty to Daniel Winnik for Interference.
14:50 of 3rd period - Blair Betts wins face-off versus Vaclav Prospal in Penguins zone.
15:05 of 3rd period - Shot by Wojtek Wolski.
15:05 of 3rd period - Stopped by Tim Thomas without a rebound.
15:06 of 3rd period - Tyler Bozak wins face-off versus Claude Giroux in Penguins zone.
15:06 of 3rd period - T.J. Oshie is hit by Pavel Kubina and loses puck.
15:11 of 3rd period - Shot by T.J. Oshie.
15:11 of 3rd period - Shot Misses the Net.
15:13 of 3rd period - Shot by Mike Knuble.
15:13 of 3rd period - Shot Misses the Net.
15:51 of 3rd period - Shot by Joe Corvo.
15:51 of 3rd period - Shot Misses the Net.
17:38 of 3rd period - Shot by Henrik Sedin.
17:38 of 3rd period - Shot Misses the Net.
17:40 of 3rd period - Shot by Daniel Winnik.
17:40 of 3rd period - Shot Misses the Net.
17:42 of 3rd period - Shot by Brooks Orpik.
17:42 of 3rd period - Shot Misses the Net.
18:29 of 3rd period - Shot by T.J. Oshie.
18:29 of 3rd period - Stopped by Tim Thomas without a rebound.
18:30 of 3rd period - Brad Richards wins face-off versus Troy Brouwer in Penguins zone.
18:42 of 3rd period - Shot by Cal Clutterbuck.
18:42 of 3rd period - Stopped by Tim Thomas without a rebound.
18:43 of 3rd period - Dustin Penner wins face-off versus Blair Betts in Penguins zone.
19:02 of 3rd period - Shot by Pavel Datsyuk.
19:02 of 3rd period - Stopped by Semyon Varlamov without a rebound.
19:03 of 3rd period - Henrik Sedin wins face-off versus Troy Brouwer in Avalanche zone.
19:43 of 3rd period - Vaclav Prospal is hit by Dan Girardi and loses puck.
19:45 of 3rd period - Minor Penalty to Dan Girardi for Holding.
19:46 of 3rd period - Claude Giroux wins face-off versus Tyler Bozak in Penguins zone.
19:58 of 3rd period - Icing by Wade Redden.
19:59 of 3rd period - Blair Betts wins face-off versus Tyler Bozak in Avalanche zone.

Overtime #1

0:01 of 1st overtime period - T.J. Galiardi wins face-off versus Daniel Winnik in neutral zone.
0:03 of 1st overtime period - Off-side.
0:04 of 1st overtime period - Blair Betts wins face-off versus Vaclav Prospal in neutral zone.
0:27 of 1st overtime period - Off-side.
0:28 of 1st overtime period - Daniel Winnik wins face-off versus T.J. Galiardi in neutral zone.
0:49 of 1st overtime period - Shot by T.J. Galiardi.
0:49 of 1st overtime period - Shot Misses the Net.
1:34 of 1st overtime period - Icing by Vaclav Prospal.
1:35 of 1st overtime period - Vaclav Prospal wins face-off versus Blair Betts in Avalanche zone.
2:06 of 1st overtime period - Shot by Brad Richards.
2:06 of 1st overtime period - Stopped by Semyon Varlamov without a rebound.
2:07 of 1st overtime period - Henrik Sedin wins face-off versus T.J. Galiardi in Avalanche zone.
2:20 of 1st overtime period - Shot by T.J. Galiardi.
2:20 of 1st overtime period - Shot Blocked by Pavel Kubina.
2:22 of 1st overtime period - Shot by Niclas Wallin.
2:22 of 1st overtime period - Shot Blocked by Pavel Kubina.
2:26 of 1st overtime period - Shot by T.J. Galiardi.
2:26 of 1st overtime period - Stopped by Tim Thomas without a rebound.
2:27 of 1st overtime period - Brad Richards wins face-off versus Vaclav Prospal in Penguins zone.
2:39 of 1st overtime period - Icing by Dan Hamhuis.
2:40 of 1st overtime period - Henrik Sedin wins face-off versus Vaclav Prospal in Avalanche zone.
3:37 of 1st overtime period - Shot by Jason Pominville.
3:37 of 1st overtime period - Stopped by Semyon Varlamov without a rebound.
3:38 of 1st overtime period - Brad Richards wins face-off versus Vaclav Prospal in Avalanche zone.
3:38 of 1st overtime period - Brad Richards is hit by Dan Hamhuis.
4:56 of 1st overtime period - Icing by Stephane Robidas.
4:57 of 1st overtime period - T.J. Galiardi wins face-off versus Brad Richards in Penguins zone.

ShootOut

ShootOut - Penalty Shot by T.J. Oshie for Avalanche.
ShootOut - Stopped by Tim Thomas.
ShootOut - Penalty Shot by Henrik Sedin for Penguins.
ShootOut - Stopped by Semyon Varlamov.
ShootOut - Penalty Shot by Vaclav Prospal for Avalanche.
ShootOut - Stopped by Tim Thomas.
ShootOut - Penalty Shot by Daniel Sedin for Penguins.
ShootOut - Goal by Daniel Sedin.
ShootOut - Penalty Shot by Mike Knuble for Avalanche.
ShootOut - Stopped by Tim Thomas.


Output by the SimonT Hockey Simulator (STHS) for Stephane Roy -- Original Page W3C XHTML 1.0 Valid